| TOP OF THE 1ST |
|
West Virginia Black Bears batting - Pitching for Boise Hawks : RHP Curt De Kock
|
|
Pitching: RHP Curt De Kock
|
|
|
Batting: RHB Mike Weeks
|
0-0: Called Strike 0-1: Ball 1-1: Ball 2-1: Swinging Strike 2-2: Foul Ball, location: 2F 2-2: Ground out 4-3 (Groundball, 4, EV 103.8 MPH)
|
|
Batting: SHB Yutaro Takahashi
|
0-0: Ball 1-0: Ball 2-0: Ball 3-0: Called Strike 3-1: Foul Ball, location: 2F 3-2: Base on Balls
|
|
Batting: LHB Dave Cook
|
0-0: Ball 1-0: Foul Ball, location: 2F 1-1: Ball 2-1: Foul Ball, location: 2F 2-2: Ball 3-2: Base on Balls Yutaro Takahashi to second
|
|
Batting: SHB Rob Haney
|
0-0: Ball 1-0: Swinging Strike 1-1: Foul Ball, location: 2F 1-2: Ball 2-2: Foul Ball, location: 2F 2-2: Strikes out swinging
|
|
Batting: LHB Jesse Haught
|
0-0: Called Strike 0-1: Fly out, F9 (Flyball, 89D, EV 90.6 MPH)
|
| Top of the 1st over - 0 runs, 0 hits, 0 errors, 2 left on base; West Virginia 0 - Boise 0 |
| BOTTOM OF THE 1ST |
|
Boise Hawks batting - Pitching for West Virginia Black Bears : LHP Lucila Renteria
|
|
Pitching: LHP Lucila Renteria
|
|
|
Batting: SHB Clayton Saunders
|
0-0: Foul Ball, location: 2F 0-1: Swinging Strike 0-2: Ball 1-2: Strikes out looking
|
|
Batting: RHB Josh Lofgreen
|
0-0: Ball 1-0: Ball 2-0: Called Strike 2-1: Ball 3-1: Reached on error, E5 (Groundball, 56S, EV 86.2 MPH)
|
|
Batting: LHB Jason Ryan
|
0-0: Ball 1-0: Ball Pickoff Throw to First - Out! 1-3 2-0: Ball 3-0: Base on Balls
|
|
Batting: RHB Justin Garrett
|
0-0: Fly out, F6 (Popup, 15S, EV 81.9 MPH)
|
| Bottom of the 1st over - 0 runs, 0 hits, 1 error, 1 left on base; West Virginia 0 - Boise 0 |
| TOP OF THE 2ND |
|
West Virginia Black Bears batting - Pitching for Boise Hawks : RHP Curt De Kock
|
|
Batting: LHB William Matthews
|
0-0: Ball 1-0: Ball 2-0: Ball 3-0: Swinging Strike 3-1: Base on Balls
|
|
Batting: RHB Erik Mulligan
|
0-0: Foul Ball, location: 2F 0-1: Ball 1-1: Foul Ball, location: 2F 1-2: Ball 2-2: Strikes out swinging
|
|
Batting: RHB Francisco Santos
|
0-0: Ball 1-0: Fly out, F8 (Flyball, 8RM, EV 93.1 MPH)
|
|
Batting: RHB Ricky Pizarro
|
0-0: Called Strike 0-1: Ground out 4-3 (Groundball, 4, EV 86.2 MPH)
|
| Top of the 2nd over - 0 runs, 0 hits, 0 errors, 1 left on base; West Virginia 0 - Boise 0 |
| BOTTOM OF THE 2ND |
|
Boise Hawks batting - Pitching for West Virginia Black Bears : LHP Lucila Renteria
|
|
Batting: RHB Manny Thompson
|
0-0: Foul Ball, location: 2F 0-1: Foul Ball, location: 2F 0-2: Ball 1-2: SINGLE (Groundball, 34D, EV 105.0 MPH)
|
|
Batting: SHB Justin Jackson
|
0-0: Called Strike 0-1: Called Strike 0-2: DOUBLE (Line Drive, 7LS, EV 94.4 MPH) Manny Thompson to third Runner from 3rd tries for Home, SAFE, throw by LF to trailing runner, OUT at third! 7-3-5
|
|
Batting: RHB Keith Giarratano
|
0-0: Ball 1-0: Ball 2-0: Foul Ball, location: 2F 2-1: Fly out, F3 (Popup, 3SF, EV 76.9 MPH)
|
|
Batting: RHB Bob Hayes
|
0-0: Ground out 3-1 (Groundball, 34S, EV 86.2 MPH)
|
| Bottom of the 2nd over - 1 run, 2 hits, 0 errors, 0 left on base; West Virginia 0 - Boise 1 |
| TOP OF THE 3RD |
|
West Virginia Black Bears batting - Pitching for Boise Hawks : RHP Curt De Kock
|
|
Batting: RHB Mike Weeks
|
0-0: Called Strike 0-1: Called Strike 0-2: Ball 1-2: Foul Ball, location: 2F 1-2: Foul Ball, location: 2F 1-2: Foul Ball, location: 2F 1-2: Ball 2-2: Strikes out swinging
|
|
Batting: SHB Yutaro Takahashi
|
0-0: Ball 1-0: SINGLE (Groundball, 6M, EV 105.0 MPH)
|
|
Batting: LHB Dave Cook
|
0-0: Ball Yutaro Takahashi steals 2nd base 1-0: Ball 2-0: Fly out, F8 (Flyball, 8LXD, EV 95.6 MPH) Runner from 2nd tags up, SAFE at 3rd, no throw by CF
|
|
Batting: SHB Rob Haney
|
0-0: Ball 1-0: Ball 2-0: Swinging Strike 2-1: Swinging Strike 2-2: Strikes out looking
|
| Top of the 3rd over - 0 runs, 1 hit, 0 errors, 1 left on base; West Virginia 0 - Boise 1 |
| BOTTOM OF THE 3RD |
|
Boise Hawks batting - Pitching for West Virginia Black Bears : LHP Lucila Renteria
|
|
Batting: RHB Willie Benito
|
0-0: Ball 1-0: Swinging Strike 1-1: Ball 2-1: Ground out 4-3 (Groundball, 4, EV 78.1 MPH)
|
|
Batting: SHB Clayton Saunders
|
0-0: Called Strike 0-1: Ball 1-1: Ball 2-1: Foul Ball, location: 2F 2-2: Foul Ball, location: 2F 2-2: Ball 3-2: Base on Balls
|
|
Batting: RHB Josh Lofgreen
|
0-0: Called Strike Clayton Saunders is caught stealing 2nd base 2-4 0-1: Single, Error in OF, E8, batter to second base (Groundball, 6MD, EV 106.2 MPH)
|
|
Batting: LHB Jason Ryan
|
0-0: Ball 1-0: Foul Ball, location: 2F 1-1: Foul Ball, location: 2F 1-2: Reached on error, E5 (Groundball, 56, EV 101.9 MPH) Josh Lofgreen to third
|
|
Batting: RHB Justin Garrett
|
0-0: Ball 1-0: Foul Ball, location: 2F 1-1: Swinging Strike 1-2: Foul Ball, location: 2F 1-2: Ball 2-2: Ball 3-2: Fly out, F8 (Flyball, 8RD, EV 93.1 MPH)
|
| Bottom of the 3rd over - 0 runs, 1 hit, 2 errors, 2 left on base; West Virginia 0 - Boise 1 |
| TOP OF THE 4TH |
|
West Virginia Black Bears batting - Pitching for Boise Hawks : RHP Curt De Kock
|
|
Batting: LHB Jesse Haught
|
0-0: Ball 1-0: Ball 2-0: Ball 3-0: Called Strike 3-1: Base on Balls
|
|
Batting: LHB William Matthews
|
0-0: Ball 1-0: Called Strike 1-1: Grounds into double play, 6-4-3 (Groundball, 6, EV 103.8 MPH)
|
|
Batting: RHB Erik Mulligan
|
0-0: Called Strike 0-1: Ball 1-1: Swinging Strike 1-2: Strikes out swinging
|
| Top of the 4th over - 0 runs, 0 hits, 0 errors, 0 left on base; West Virginia 0 - Boise 1 |
| BOTTOM OF THE 4TH |
|
Boise Hawks batting - Pitching for West Virginia Black Bears : LHP Lucila Renteria
|
|
Batting: RHB Manny Thompson
|
0-0: Called Strike 0-1: Ground out 5-3 (Groundball, 5L, EV 80.6 MPH)
|
|
Batting: SHB Justin Jackson
|
0-0: Ball 1-0: Foul Ball, location: 2F 1-1: Foul Ball, location: 2F 1-2: SINGLE (Line Drive, 89S, EV 96.9 MPH)
|
|
Batting: RHB Keith Giarratano
|
0-0: Ball 1-0: Ball 2-0: Ball 3-0: Called Strike 3-1: Base on Balls Justin Jackson to second
|
|
Batting: RHB Bob Hayes
|
0-0: Ball 1-0: Ball Wild Pitch! Justin Jackson to third Keith Giarratano to second 2-0: Ball 3-0: Base on Balls
|
|
Batting: RHB Willie Benito
|
0-0: Ball 1-0: SINGLE (Groundball, 4M, EV 106.2 MPH) Justin Jackson scores Keith Giarratano to third Bob Hayes to second Runner from 3rd tries for Home, SAFE, throw by CF to home
|
|
Batting: SHB Clayton Saunders
|
0-0: Called Strike 0-1: Ball 1-1: Fly out, F9 (Flyball, 9, EV 85.0 MPH)
|
|
Batting: RHB Josh Lofgreen
|
0-0: Ball 1-0: Ball 2-0: Ball 3-0: Swinging Strike 3-1: Base on Balls Bob Hayes to third Willie Benito to second
|
|
Batting: LHB Jason Ryan
|
0-0: Ball 1-0: Called Strike 1-1: Ball 2-1: Ball 3-1: Fielders Choice at 2nd, 6-4 (Groundball, 6, EV 91.9 MPH)
|
| Bottom of the 4th over - 2 runs, 2 hits, 0 errors, 3 left on base; West Virginia 0 - Boise 3 |
| TOP OF THE 5TH |
|
West Virginia Black Bears batting - Pitching for Boise Hawks : RHP Curt De Kock
|
|
Batting: RHB Francisco Santos
|
0-0: Foul Ball, location: 2F 0-1: Ground out 1-3 (Groundball, 34S, EV 63.8 MPH)
|
|
Batting: RHB Ricky Pizarro
|
0-0: Swinging Strike 0-1: Foul Ball, location: 2F 0-2: Ball 1-2: Ball 2-2: Ball 3-2: SINGLE (Groundball, 6MD, EV 101.2 MPH)
|
|
Batting: RHB Mike Weeks
|
0-0: Foul Ball, location: 2F 0-1: Fielders Choice at 2nd, 1-6 (Groundball, 13S, EV 67.5 MPH)
|
|
Batting: SHB Yutaro Takahashi
|
0-0: Called Strike 0-1: Foul Ball, location: 2F 0-2: Ball 1-2: Strikes out swinging
|
| Top of the 5th over - 0 runs, 1 hit, 0 errors, 1 left on base; West Virginia 0 - Boise 3 |
| BOTTOM OF THE 5TH |
|
Boise Hawks batting - Pitching for West Virginia Black Bears : LHP Lucila Renteria
|
|
Pitching: LHP Adam Clarke
|
|
|
Batting: RHB Justin Garrett
|
0-0: Ball 1-0: Called Strike 1-1: Swinging Strike 1-2: Ball 2-2: Strikes out swinging
|
|
Batting: RHB Manny Thompson
|
0-0: SINGLE (Line Drive, 8LS, EV 96.9 MPH)
|
|
Batting: SHB Justin Jackson
|
0-0: Called Strike 0-1: Ball 1-1: Swinging Strike 1-2: Ball 2-2: Foul Ball, location: 2F 2-2: Fielders Choice at 2nd, 6-4 (Groundball, 6, EV 97.5 MPH)
|
|
Batting: RHB Keith Giarratano
|
0-0: Foul Ball, location: 2F 0-1: Ball Wild Pitch! Justin Jackson to second 1-1: Called Strike 1-2: Foul Ball, location: 2F 1-2: Ground out 3-1 (Groundball, 34, EV 101.2 MPH)
|
| Bottom of the 5th over - 0 runs, 1 hit, 0 errors, 1 left on base; West Virginia 0 - Boise 3 |
| TOP OF THE 6TH |
|
West Virginia Black Bears batting - Pitching for Boise Hawks : RHP Curt De Kock
|
|
Batting: LHB Dave Cook
|
0-0: Ball 1-0: Ball 2-0: Foul Ball, location: 2F 2-1: Swinging Strike 2-2: Foul Ball, location: 2F 2-2: Ball 3-2: Foul Ball, location: 2F 3-2: Foul Ball, location: 2F 3-2: Strikes out looking
|
|
Batting: SHB Rob Haney
|
0-0: Ball 1-0: Swinging Strike 1-1: Ball 2-1: SINGLE (Groundball, 4D, EV 106.9 MPH)
|
|
Pitching: LHP Josh Alvarez
|
|
|
Pinch Hitting: RHB Chris Arroyo
|
0-0: Grounds into double play, 5-4-3 (Groundball, 56D, EV 89.4 MPH)
|
| Top of the 6th over - 0 runs, 1 hit, 0 errors, 0 left on base; West Virginia 0 - Boise 3 |
| BOTTOM OF THE 6TH |
|
Boise Hawks batting - Pitching for West Virginia Black Bears : LHP Adam Clarke
|
|
Now at 3B: Chris Arroyo
|
|
|
Now in RF: Erik Mulligan
|
|
|
Batting: RHB Bob Hayes
|
0-0: DOUBLE (Groundball, 3L, EV 101.2 MPH)
|
|
Batting: RHB Willie Benito
|
0-0: Ball 1-0: Ball 2-0: Called Strike 2-1: Swinging Strike 2-2: Ball 3-2: SINGLE (Groundball, 6MS, EV 68.1 MPH) (infield hit) Bob Hayes to third
|
|
Batting: SHB Clayton Saunders
|
0-0: Called Strike 0-1: Swinging Strike 0-2: Strikes out looking
|
|
Batting: RHB Josh Lofgreen
|
0-0: Foul Ball, location: 2F 0-1: Ball 1-1: Ball 2-1: SINGLE (Groundball, 6MD, EV 95.0 MPH) Bob Hayes scores Willie Benito to second
|
|
Batting: LHB Jason Ryan
|
0-0: Ball 1-0: Swinging Strike 1-1: Swinging Strike Passed Ball! Willie Benito to third Josh Lofgreen to second 1-2: Ball 2-2: Ground out 2-3 (Groundball, 2R, EV 70.0 MPH)
|
|
Pitching: LHP Juan Hernandez
|
|
|
Batting: RHB Justin Garrett
|
0-0: Foul Ball, location: 2F 0-1: Ball 1-1: Foul Ball, location: 2F 1-2: Strikes out swinging
|
| Bottom of the 6th over - 1 run, 3 hits, 0 errors, 2 left on base; West Virginia 0 - Boise 4 |
| TOP OF THE 7TH |
|
West Virginia Black Bears batting - Pitching for Boise Hawks : LHP Josh Alvarez
|
|
Batting: LHB William Matthews
|
0-0: Ball 1-0: Swinging Strike 1-1: Ball 2-1: Reached on error, E3 (Groundball, 3, EV 89.4 MPH)
|
|
Batting: RHB Erik Mulligan
|
0-0: Ball 1-0: Grounds into double play, 4-6-3 (Groundball, 34, EV 79.4 MPH)
|
|
Batting: RHB Francisco Santos
|
0-0: Called Strike 0-1: Ball 1-1: Ball 2-1: Fly out, F3 (Popup, 3S, EV 71.9 MPH)
|
| Top of the 7th over - 0 runs, 0 hits, 1 error, 0 left on base; West Virginia 0 - Boise 4 |
| BOTTOM OF THE 7TH |
|
Boise Hawks batting - Pitching for West Virginia Black Bears : LHP Juan Hernandez
|
|
Batting: RHB Manny Thompson
|
0-0: Ground out 6-3 (Groundball, 6, EV 111.2 MPH)
|
|
Batting: SHB Justin Jackson
|
0-0: Called Strike 0-1: Ball 1-1: Ball 2-1: Ball 3-1: Foul Ball, location: 2F 3-2: Fly out, F9 (Flyball, 89S, EV 73.1 MPH)
|
|
Batting: RHB Keith Giarratano
|
0-0: Called Strike 0-1: Swinging Strike 0-2: Strikes out swinging
|
| Bottom of the 7th over - 0 runs, 0 hits, 0 errors, 0 left on base; West Virginia 0 - Boise 4 |
| TOP OF THE 8TH |
|
West Virginia Black Bears batting - Pitching for Boise Hawks : LHP Josh Alvarez
|
|
Batting: RHB Ricky Pizarro
|
0-0: Ball 1-0: SOLO HOME RUN (Line Drive, 9D, EV 95.0 MPH), Distance : 373 ft
|
|
Batting: RHB Mike Weeks
|
0-0: Ball 1-0: SINGLE (Groundball, 13S, EV 66.2 MPH) (infield hit)
|
|
Batting: SHB Yutaro Takahashi
|
0-0: Ball 1-0: Ball 2-0: Called Strike 2-1: Called Strike 2-2: Strikes out looking
|
|
Batting: RHB Joe Bower
|
0-0: Ground out 5-3 (Groundball, 56S, EV 69.4 MPH) Mike Weeks to second
|
|
Batting: SHB Rob Haney
|
0-0: Swinging Strike 0-1: Foul Ball, location: 2F 0-2: Ball 1-2: Ball 2-2: Foul Ball, location: 2F 2-2: Ball 3-2: Strikes out swinging, 2-3 out at first.
|
| Top of the 8th over - 1 run, 2 hits, 0 errors, 1 left on base; West Virginia 1 - Boise 4 |
| BOTTOM OF THE 8TH |
|
Boise Hawks batting - Pitching for West Virginia Black Bears : LHP Juan Hernandez
|
|
Batting: RHB Bob Hayes
|
0-0: Swinging Strike 0-1: Foul Ball, location: 2F 0-2: Fly out, F9 (Flyball, 89D, EV 106.2 MPH)
|
|
Batting: RHB Willie Benito
|
0-0: Ball 1-0: Swinging Strike 1-1: Ball 2-1: Ball 3-1: Base on Balls
|
|
Batting: SHB Clayton Saunders
|
0-0: Ball 1-0: Grounds into double play, 6-4-3 (Groundball, 6, EV 98.8 MPH)
|
| Bottom of the 8th over - 0 runs, 0 hits, 0 errors, 0 left on base; West Virginia 1 - Boise 4 |
| TOP OF THE 9TH |
|
West Virginia Black Bears batting - Pitching for Boise Hawks : LHP Josh Alvarez
|
|
Pitching: RHP Zi-cheng Zhou
|
|
|
Batting: RHB Chris Arroyo
|
0-0: DOUBLE (Flyball, 8RXD, EV 108.8 MPH)
|
|
Pinch Runner at 2nd Jim Weidman:
|
|
|
Batting: LHB William Matthews
|
0-0: Ball 1-0: Ball Wild Pitch! Jim Weidman to third 2-0: Hit by Pitch
|
|
Batting: RHB Erik Mulligan
|
0-0: Swinging Strike 0-1: Ball 1-1: Fielders Choice at 2nd, 5-4 (Groundball, 56S, EV 94.4 MPH) Jim Weidman scores
|
|
Pinch Hitting: RHB Sergio Torres
|
0-0: Foul Ball, location: 2F 0-1: Called Strike 0-2: Strikes out swinging
|
|
Pinch Hitting: SHB Jiong Qi
|
0-0: Called Strike 0-1: Swinging Strike 0-2: Fly out, F5 (Popup, 5SF, EV 64.4 MPH)
|
| Top of the 9th over - 1 run, 1 hit, 0 errors, 1 left on base; West Virginia 2 - Boise 4 |
|